 Dungeon Sprint DCSS version 0.23.2-30-g0e89c35649 (webtiles) character file.

Game seed: 4299433443733212843

25494 HASTUR3 the Wrestler (level 12, -3/122 HPs)
             Began as a Troll Fighter on June 18, 2019.
             Was a High Priest of Cheibriados.
             Slain by Aizul (46 damage)
             ... in the Dungeon (Sprint IX: "|||||||||||||||||||||||||||||").
             The game lasted 00:18:07 (1855 turns).

HASTUR3 the Wrestler (Troll Fighter)                Turns: 1855, Time: 00:18:07

Health: -3/122     AC: 14    Str: 41    XL:     12   Next: 90%
Magic:  0/21       EV: 20    Int: 18    God:    Cheibriados [*****.]
Gold:   761        SH:  0    Dex: 27    Spells: 11/11 levels left

rFire    + . .     SeeInvis .     - Unarmed
rCold    . . .     Gourm    +   c - +0 shield
rNeg     . . .     Faith    .   C - +1 fire dragon scales
rPois    .         Spirit   +   (helmet restricted)
rElec    .         Reflect  .   o - +0 cloak
rCorr    .         Harm     .   (gloves unavailable)
MR       .....     NoTele   +   (boots unavailable)
Stlth    +.........             t - amulet of guardian spirit
HPRegen  0.70/turn              v - ring of ice
MPRegen  0.17/turn              u - +4 ring of evasion

@: lethally poisoned (-3 -> -5), sleeping, very slow
A: large, unfitting armour, claws 3, fangs 1, fast metabolism 3, gourmand,
regeneration 1, shaggy fur 1, tough skin 3, subdued magic 1
a: Bend Time, Temporal Distortion, Slouch, Step From Time, Renounce Religion


You were in the Dungeon.
You worshipped Cheibriados.
Cheibriados was extremely pleased with you.
You were very full.

You visited 1 branch You collected 1913 gold pieces.
You spent 1152 gold pieces at shops.

Inventory:

Missiles
 G - 9 large rocks (quivered)
Armour
 b - a +0 robe
 c - a +0 shield (worn)
 o - a +0 cloak (worn)
 z - +0 acid dragon scales
 A - +2 pearl dragon scales
 B - +0 storm dragon scales
 C - +1 fire dragon scales (worn)
Jewellery
 d - an uncursed ring of wizardry
 n - a +2 ring of protection
 t - an amulet of guardian spirit (around neck)
 u - a +4 ring of evasion (right claw)
 v - a ring of ice (left claw)
 w - an uncursed ring of see invisible
 y - an uncursed ring of poison resistance
Wands
 m - a wand of iceblast (10)
Scrolls
 h - a scroll of magic mapping
 j - 3 scrolls of remove curse
 k - 3 scrolls of blinking
 l - 2 scrolls of amnesia
 q - 2 scrolls of fog
 r - 4 scrolls of enchant weapon
 s - 2 scrolls of fear
 D - 2 scrolls of enchant armour
 E - a scroll of identify
Potions
 a - a potion of invisibility
 e - 5 potions of curing
 g - 5 potions of heal wounds
 i - 3 potions of magic
 p - a potion of agility
 x - a potion of brilliance
Comestibles
 f - 14 rations


   Skills:
 - Level 8.8 Fighting
   Level 1.5 Short Blades
 * Level 4.0 Throwing
 - Level 8.8 Dodging
 - Level 10.6 Shields
 + Level 21.7 Unarmed Combat
 * Level 14.5 Invocations


You had 11 spell levels left.
You didn't know any spells.
Your spell library was empty.

Dungeon Overview and Level Annotations

Branches:
Dungeon (1/1)

Altars:
Cheibriados
Dithmenos
Elyvilon
Fedhas
Gozag
Hepliaklqana
Kikubaaqudgha
Makhleb
Nemelex Xobeh
Okawaru
Qazlal
Ru
Sif Muna
Trog
Uskayaw
Vehumet
Wu Jian
Xom
Yredelemnul
Zin
The Shining One
Beogh
Jiyva
Lugonu

Shops:
D [=[(

Annotations:
D Aizul


Innate Abilities, Weirdness & Mutations

You are too large for most types of armour.
You have claws for hands.
Your metabolism is lightning-fast.
You like to eat raw meat.
Your natural rate of healing is unusually fast.
You are covered in fur. (AC +1)
You have extremely tough skin. (AC +3)
You have very sharp teeth.
Your spells are a little easier to cast, but a little less powerful.


Message History

You feel sick. You block Aizul's attack.
You closely miss Aizul. Your bite misses Aizul.
Aizul is almost dead.
You feel sick.
You miss Aizul.
Aizul is almost dead.
You feel sick. You block Aizul's attack.
You miss Aizul.
Aizul is almost dead.
Aizul barely misses you.
Your fire dragon scales prevents you from hitting Aizul.
You bite Aizul.
Aizul is almost dead.
You feel sick.
Aizul coils herself and waves her upper body at you.
You fall asleep.
You feel sick. Aizul casts a spell at you. The bolt of poison misses you.
Aizul hits you!!!
You die...

▓.▓.▓.▓.▓.▓.▓.▓
▓.▓'▓.▓.▓.▓.▓.▓.▓
▓.▓.▓.▓.▓.▓.▓.▓'▓
▓.▓.▓.▓.▓.▓.▓.▓)▓
▓.▓.▓.▓.▓.▓.▓.▓.▓
▓.▓.▓.▓'▓.▓(▓.▓.▓
▓.▓.▓.▓[▓.▓.▓.▓.▓
▓S▓)▓.▓)▓.▓.▓.▓.▓
▓@▓)▓.▓)▓.▓.▓.▓'▓
▓.▓)▓.▓)▓.▓.▓.▓_▓
▓.▓)▓.▓)▓.▓.▓.▓_▓
▓.▓)▓.▓)▓.▓.▓.▓_▓
▓.▓)▓.▓)▓.▓.▓.▓_▓
▓.▓)▓.▓)▓.▓÷▓.▓_▓
▓.▓)▓.▓.▓.▓.▓.▓_▓
▓.▓.▓.▓.▓.▓.▓.▓_▓
▓.▓.▓.▓.▓.▓.▓.▓_▓


You could see Aizul.

Vanquished Creatures
  A stone giant (D)
  2 dire elephants (D)
  Azrael (D)
  An ettin (D)
  A great orb of eyes (D)
  A centaur warrior (D)
  A tengu warrior (D)
  7 orc high priests (D)
  A deep troll earth mage (D)
  An unseen horror (D)
  A deep elf mage (D)
  10 orc knights (D)
  An ugly thing (D)
  An orc sorcerer (D)
  A cyclops (D)
  6 elephants (D)
  2 black mambas (D)
  2 spiny frogs (D)
  A yaktaur (D)
  A komodo dragon (D)
  A slime creature (D)
  3 hippogriffs (D)
  3 fire elementals (D)
  2 wyverns (D)
  A yak (D)
  3 water moccasins (D)
  3 porcupines (D)
  A hell hound (D)
  A sky beast (D)
  10 orc warriors (D)
  An ice beast (D)
  An ogre (D)
  5 bullfrogs (D)
  A gnoll sergeant (D)
  A scorpion (D)
  A wight (D)
  A howler monkey (D)
  A crimson imp (D)
  A jelly (D)
  7 orc priests (D)
  3 orc wizards (D)
  A shadow imp (D)
  A dart slug (D)
  An orc (D)
  A bat skeleton (D)
  A giant cockroach (D)
  2 kobolds (D)
  2 giant cockroach zombies (D)
  A quokka skeleton (D)
  A rat (D)
105 creatures vanquished.

Vanquished Creatures (others)
  A sky beast (D)
1 creature vanquished.

Grand Total: 106 creatures vanquished

Notes
Turn   | Place    | Note
-------+----------+-------------------------------------------
     0 | D        | HASTUR3 the Troll Fighter began the quest for the Orb.
     0 | D        | Reached XP level 1. HP: 22/22 MP: 0/0
     5 | D        | Reached skill level 1 in Unarmed Combat
     8 | D        | Reached skill level 2 in Unarmed Combat
    12 | D        | Reached skill level 3 in Unarmed Combat
    40 | D        | Noticed a scorpion
    40 | D        | Noticed an ogre
    46 | D        | Killed a scorpion
    46 | D        | Reached skill level 7 in Unarmed Combat
    46 | D        | Reached XP level 2. HP: 29/29 MP: 1/1
    46 | D        | Reached XP level 3. HP: 36/36 MP: 2/2
    57 | D        | Killed an ogre
    57 | D        | Reached skill level 8 in Unarmed Combat
    57 | D        | Reached XP level 4. HP: 44/44 MP: 3/3
    57 | D        | Reached XP level 5. HP: 50/50 MP: 4/4
   110 | D        | Found a roughly hewn altar of Beogh.
   110 | D        | Found a snail-covered altar of Cheibriados.
   110 | D        | Found a shadowy altar of Dithmenos.
   110 | D        | Found a white marble altar of Elyvilon.
   110 | D        | Found a blossoming altar of Fedhas.
   110 | D        | Found an opulent altar of Gozag.
   111 | D        | Found a hazy altar of Hepliaklqana.
   112 | D        | Found a viscous altar of Jiyva.
   113 | D        | Found an ancient bone altar of Kikubaaqudgha.
   114 | D        | Became a worshipper of Cheibriados the Contemplative
   115 | D        | Found a corrupted altar of Lugonu.
   116 | D        | Found a burning altar of Makhleb.
   117 | D        | Found a sparkling altar of Nemelex Xobeh.
   118 | D        | Found an iron altar of Okawaru.
   119 | D        | Found a stormy altar of Qazlal.
   120 | D        | Found a sacrificial altar of Ru.
   121 | D        | Found a deep blue altar of Sif Muna.
   122 | D        | Found a bloodstained altar of Trog.
   123 | D        | Found a hide-covered altar of Uskayaw.
   124 | D        | Found a radiant altar of Vehumet.
   125 | D        | Found an ornate altar of the Wu Jian Council.
   126 | D        | Found a shimmering altar of Xom.
   127 | D        | Found a basalt altar of Yredelemnul.
   128 | D        | Found a glowing silver altar of Zin.
   129 | D        | Found a glowing golden altar of the Shining One.
   166 | D        | Noticed an ice beast
   166 | D        | Noticed a sky beast
   166 | D        | Noticed a water moccasin
   166 | D        | Noticed a hippogriff
   170 | D        | Reached skill level 5 in Shields
   170 | D        | Reached skill level 9 in Unarmed Combat
   187 | D        | Killed an ice beast
   187 | D        | Reached skill level 10 in Unarmed Combat
   187 | D        | Reached XP level 6. HP: 12/59 MP: 5/5
   193 | D        | Killed a sky beast
   193 | D        | Reached * piety under Cheibriados
   193 | D        | Reached skill level 11 in Unarmed Combat
   199 | D        | Killed a water moccasin
   202 | D        | Killed a hippogriff
   202 | D        | Reached ** piety under Cheibriados
   202 | D        | Reached skill level 12 in Unarmed Combat
   202 | D        | Reached XP level 7. HP: 44/66 MP: 6/6
   231 | D        | Noticed a red ugly thing
   237 | D        | Killed a red ugly thing
   237 | D        | Reached XP level 8. HP: 53/79 MP: 7/7
   240 | D        | Reached *** piety under Cheibriados
   245 | D        | Reached skill level 5 in Fighting
   245 | D        | Reached skill level 5 in Dodging
   260 | D        | Killed an unseen horror
   260 | D        | Reached **** piety under Cheibriados
   260 | D        | Reached skill level 13 in Unarmed Combat
   478 | D        | Gained mutation: Your spells are a little easier to cast,
                  | but a little less powerful. [potion of mutation]
   478 | D        | Gained mutation: You have very sharp teeth. [potion of
                  | mutation]
   479 | D        | Noticed a black mamba
   481 | D        | Reached skill level 1 in Invocations
   482 | D        | Noticed a hippogriff
   484 | D        | Killed a black mamba
   484 | D        | Reached ***** piety under Cheibriados
   484 | D        | Reached XP level 9. HP: 92/92 MP: 7/11
   494 | D        | Noticed a komodo dragon
   496 | D        | Reached skill level 14 in Unarmed Combat
   496 | D        | Reached skill level 5 in Invocations
   502 | D        | Reached ****** piety under Cheibriados
   505 | D        | Killed a komodo dragon
   523 | D        | Noticed a black mamba
   523 | D        | Noticed a spiny frog
   523 | D        | Noticed a spiny frog
   525 | D        | Killed a black mamba
   525 | D        | Reached skill level 15 in Unarmed Combat
   528 | D        | Killed a spiny frog
   528 | D        | Reached XP level 10. HP: 99/100 MP: 8/15
   528 | D        | Killed a spiny frog
   607 | D        | Noticed a dire elephant
   607 | D        | Noticed an elephant
   607 | D        | Noticed an elephant
   607 | D        | Noticed an elephant
   607 | D        | Noticed an elephant
   607 | D        | Noticed an elephant
   608 | D        | Noticed a dire elephant
   615 | D        | Killed a dire elephant
   615 | D        | Reached skill level 16 in Unarmed Combat
   615 | D        | Reached skill level 10 in Invocations
   619 | D        | Killed an elephant
   630 | D        | Killed a dire elephant
   630 | D        | Reached skill level 17 in Unarmed Combat
   631 | D        | Killed an elephant
   634 | D        | Killed an elephant
   636 | D        | Killed an elephant
   645 | D        | Noticed an elephant
   646 | D        | Killed an elephant
   646 | D        | Reached XP level 11. HP: 88/107 MP: 16/19
   898 | D        | Noticed an orc sorcerer
   900 | D        | Noticed a sixfirhy
   900 | D        | Noticed an orc knight
   900 | D        | Killed an orc sorcerer
   905 | D        | Noticed an orc high priest
   911 | D        | Noticed an orc knight
   917 | D        | Killed an orc knight
   925 | D        | Noticed a sixfirhy
   929 | D        | Killed an orc high priest
   937 | D        | Killed an orc knight
  1097 | D        | Found Wuxos's Antique Armour Emporium.
  1097 | D        | Noticed an orc high priest
  1097 | D        | Noticed an orc high priest
  1097 | D        | Noticed an orc high priest
  1097 | D        | Noticed an orc high priest
  1097 | D        | Noticed an orc high priest
  1098 | D        | Noticed an orc knight
  1100 | D        | Killed an orc high priest
  1100 | D        | Reached skill level 10 in Shields
  1100 | D        | Killed an orc high priest
  1101 | D        | Killed an orc high priest
  1101 | D        | Killed an orc high priest
  1101 | D        | Killed an orc high priest
  1101 | D        | Noticed an orc knight
  1104 | D        | Noticed an orc knight
  1109 | D        | Killed an orc knight
  1121 | D        | Killed an orc knight
  1124 | D        | Noticed an orc knight
  1130 | D        | Killed an orc knight
  1130 | D        | Reached XP level 12. HP: 44/122 MP: 4/21
  1140 | D        | Reached skill level 18 in Unarmed Combat
  1226 | D        | Found Giefatt's Jewellery Shoppe.
  1229 | D        | Found Iroat's Armour Emporium.
  1233 | D        | Found Ycum's Antique Weapon Shoppe.
  1237 | D        | Noticed an orc high priest
  1240 | D        | Killed an orc high priest
  1250 | D        | Reached skill level 19 in Unarmed Combat
  1342 | D        | Bought an uncursed amulet of guardian spirit for 360 gold
                  | pieces
  1468 | D        | Bought an uncursed ring of wizardry for 360 gold pieces
  1468 | D        | Bought a +4 ring of evasion for 432 gold pieces
  1576 | D        | Found the cursed +14 obsidian axe {chop, +Fly SInv *Curse}
  1648 | D        | Noticed a deep troll earth mage
  1652 | D        | Noticed an ettin
  1653 | D        | Noticed a centaur warrior
  1656 | D        | Killed a deep troll earth mage
  1656 | D        | Reached skill level 20 in Unarmed Combat
  1656 | D        | Noticed a tengu warrior
  1658 | D        | Noticed a great orb of eyes
  1660 | D        | Killed a centaur warrior
  1663 | D        | Killed an ettin
  1671 | D        | Killed a tengu warrior
  1671 | D        | Reached skill level 21 in Unarmed Combat
  1675 | D        | Killed a great orb of eyes
  1679 | D        | Noticed a stone giant
  1698 | D        | Killed a stone giant
  1798 | D        | Reached skill level 1 in Throwing
  1800 | D        | Noticed Azrael
  1806 | D        | Killed Azrael
  1840 | D        | Noticed Aizul
  1855 | D        | Slain by Aizul

Skill      XL: |  1  2  3  4  5  6  7  8  9 10 11 12 |
---------------+-------------------------------------+-----
Unarmed Combat | 7 8 10 12 13 15 17 21 | 21.7
Shields        | 4 6 8 9 10 | 10.6
Fighting       | 4 6 8 |  8.8
Dodging        | 4 6 8 |  8.8
Invocations    | 4 8 12 14 | 14.5
Throwing       | 4 |  4.0
Short Blades   | |  1.5

Action                   |  1- 3 |  4- 6 |  7- 9 | 10-12 || total
-------------------------+-------+-------+-------+-------++-------
Melee: Unarmed           |    24 |    34 |    48 |   126 ||   232
       Bite              |       |       |     4 |    23 ||    27
Throw: Large rock        |       |       |       |     6 ||     6
Invok: Slouch            |       |       |     1 |    31 ||    32
  Use: Potion            |     1 |     1 |     3 |     8 ||    13
 Stab: Invisible         |       |       |       |    10 ||    10
  Eat: Chunk             |     2 |       |     2 |    17 ||    21
Armor: Robe              |     3 |     7 |     6 |     5 ||    21
       Fire dragon scale |       |       |       |     5 ||     5
Dodge: Dodged            |     4 |     6 |    15 |    45 ||    70
Block: Shield            |     5 |    12 |    19 |    61 ||    97
